 Dungeon Crawl Stone Soup version 0.31-a0-1029-ge8c24b2130 (webtiles) character file.

Game seed: 17244120610810896952

11 Armakuni the Magician (level 2, 0/19 HPs)
             Began as a Deep Elf Wanderer on Nov 18, 2023.
             Slain by a dart slug (2 damage)
             ... on level 1 of the Dungeon.
             The game lasted 00:01:29 (360 turns).

Armakuni the Magician (Deep Elf Wanderer)            Turns: 360, Time: 00:01:30

Health: 0/19       AC:  2    Str:  9    XL:     2   Next: 13%
Magic:  9/9        EV: 11    Int: 18    God:
Gold:   26         SH:  0    Dex: 12    Spells: 8/9 levels left

rFire   . . .        a - +0 dagger
rCold   . . .        (no shield)
rNeg    . . .        c - +0 robe
rPois   .            (no helmet)
rElec   .            (no cloak)
rCorr   .            (no gloves)
SInv    .            (no boots)
Will    .....        (no amulet)
Stlth   +            (no ring)
HPRegen 0.23/turn    (no ring)
MPRegen 0.11/turn

%: no passive effects
@: no status effects
A: no striking features
a: no special abilities


You were on level 1 of the Dungeon.
You visited 1 branch of the dungeon, and saw 1 of its levels.

You collected 26 gold pieces.

Inventory:

Hand Weapons
 a - a +0 dagger (weapon)
Armour
 c - a +0 robe (worn)
 f - a +0 ring mail
Potions
 b - a potion of might
 d - a potion of curing


   Skills:
 + Level 3.0 Fighting
 - Level 4.4 Spellcasting
 - Level 3.2 Translocations
 - Level 1.1 Evocations


You had 8 spell levels left.
You knew the following spells:

 Your Spells              Type           Power      Damage    Failure   Level
a - Apportation           Tloc           30%        N/A       3%          1

Your spell library contained the following spells:

 Spells                   Type           Power      Damage    Failure   Level
 Gell's Gravitas          Tloc           15%        N/A       11%         3
 Dimensional Bullseye     Hex/Tloc       4%         N/A       58%         4


Dungeon Overview and Level Annotations

Branches:
Dungeon (1/15)

Altars:


Message History

The quokka closely misses you.
You barely miss the quokka.
The quokka is moderately wounded.
The quokka bites you but does no damage.
You hit the quokka.
The quokka is heavily wounded.
The quokka twitches its whiskers.
The quokka barely misses you. The quokka closely misses you.
You hit the quokka.
The quokka is severely wounded.
The quokka bites you.
You barely miss the quokka.
The quokka is severely wounded.
The quokka bites you.
You hit the quokka.
You kill the quokka!
The dart slug launches a dart at you. The slug dart hits you.
You hit the dart slug.
The dart slug is moderately wounded.
The dart slug bites you.
* * * LOW HITPOINT WARNING * * *
You hit the dart slug.
The dart slug is moderately wounded.
The dart slug barely misses you.
You hit the dart slug.
The dart slug is heavily wounded.
You hit the dart slug.
The dart slug is severely wounded.
The dart slug bites you.
* * * LOW HITPOINT WARNING * * *
You hit the dart slug but do no damage.
The dart slug is severely wounded.
The dart slug launches a dart at you. The slug dart hits you.
* * * LOW HITPOINT WARNING * * *
You hit the dart slug.
The dart slug is almost dead.
The dart slug bites you.
You die...

.#......#...#
#.........
..#####.#...#
#.........
.#.....#....#
#.........
.~.....~....#
#.........
~.~...~.~#..#
#.........
.~.~.~.~..#.#
#.....w...
..~.≈.~...#.#
#.########
..~≈.≈~...#.# #w#
..~≈_≈~...#.# #@#
.~.~≈~.~..#.# #.#
~~~~.~~~~#.#####.#
#..~.~..#........#
.#.~.~.#...#######
#.##.##...##
##.....#.##
###.....# #######


You could see a dart slug.

Vanquished Creatures
  A giant cockroach (D:1)
  A goblin (D:1)
  3 hobgoblins (D:1)
  A kobold (D:1)
  A quokka (D:1)
  2 rats (D:1)
9 creatures vanquished.

Notes
Turn   | Place    | Note
-------+----------+-------------------------------------------
     0 | D:1      | Armakuni the Deep Elf Wanderer began the quest for the Orb.
     0 | D:1      | Armakuni set off with the following items: a +0 dagger, a
                  | potion of might, a +0 robe, 2 potions of curing; and the
                  | following spell memorised: Apportation; and the following
                  | spells available to memorise: Gell's Gravitas, Dimensional
                  | Bullseye.
     0 | D:1      | Reached XP level 1. HP: 13/13 MP: 7/7
   210 | D:1      | Found a faded altar of an unknown god.
   236 | D:1      | Reached XP level 2. HP: 17/18 MP: 9/9
   360 | D:1      | Slain by a dart slug

Illustrated notes

Levels and vault maps discovered:
D:1:      psy_arrival_statuary, layout_basic,
          shapermc_ecumenical_altar_starsandcircs

Skill      XL: |  1  2 |
---------------+-------+-----
Fighting       | 3 |  3.0
Spellcasting   | |  4.4
Translocations | |  3.2
Evocations     | |  1.1

Action                     || total
---------------------------++-------
  Melee: Dagger            ||    59
    Use: Potion            ||     1
         Scroll            ||     1
 Armour: Robe              ||    31
  Dodge: Dodged            ||    33

Table legend: (Time is in decaauts)
 A = Elapsed time spent in this place.
 B = Non-inter-level travel time spent in this place.
 C = Inter-level travel time spent in this place.
 D = Time resting spent in this place.
 E = Time spent auto-exploring this place.
 F = Levels seen in this place.
 G = Mean time per level.
                   A        B        C        D        E       F      G
               +--------+--------+--------+--------+--------+-----+--------+
         Total |    360 |    360 |      0 |     74 |    167 |   1 |  360.0 |
       Dungeon |    360 |    360 |      0 |     74 |    167 |   1 |  360.0 |
               +--------+--------+--------+--------+--------+-----+--------+

Top non-repeatable levels by time:
     D:1: 360 daAuts
